 Dungeon Crawl Stone Soup version 0.29.1-15-g9cfb28693d (console) character file.

Game seed: 12389575687723723471

7 sentinel the Digger (level 2, 15/20 HPs)
             Began as a Meteoran Earth Elementalist on Sept 10, 2023.
             Quit the game on level 1 of the Dungeon.
             The game lasted 00:00:08 (45 turns).

sentinel the Digger (Meteoran Earth Elementalist)     Turns: 45, Time: 00:00:09

Health: 15/20      AC:  2    Str:  9    XL:     2   Next: 23%
Magic:  0/6        EV: 12    Int: 16    God:
Gold:   0          SH:  0    Dex: 14    Spells: 5/6 levels left

rFire   . . .      SeeInvis .   (no weapon)
rCold   . . .      Faith    .   (no shield)
rNeg    . . .      Spirit   .   a - +0 robe
rPois   .          Reflect  .   (no helmet)
rElec   .          Harm     .   (no cloak)
rCorr   .          Rampage  .   (no gloves)
Will    .....                   (no boots)
Stlth   +.........              (no amulet)
HPRegen 0.06/turn               (no ring)
MPRegen 0.10/turn               (no ring)

@: glowing
A: sense surroundings 1, otherworldly, glowing, explore regen
a: no special abilities


You were on level 1 of the Dungeon.
You visited 1 branch of the dungeon, and saw 1 of its levels.

Inventory:

Armour
 a - a +0 robe (worn)
Potions
 b - a potion of magic
 d - a potion of attraction {unknown}


   Skills:
 - Level 2.4 Dodging
 - Level 1.4 Stealth
 - Level 2.6 Spellcasting
 - Level 1.2 Transmutations
 + Level 4.3 Earth Magic


You had 5 spell levels left.
You knew the following spells:

 Your Spells              Type           Power      Damage    Failure   Level
a - Sandblast             Erth           30%        2d9       3%          1

Your spell library contained the following spells:

 Spells                   Type           Power      Damage    Failure   Level
 Passwall                 Tmut/Erth      9%         N/A       10%         2
 Stone Arrow              Conj/Erth      18%        3d8       24%         3
 Petrify                  Tmut/Erth      11%        N/A       52%         4


Dungeon Overview and Level Annotations

Branches:
Dungeon (1/15) Zot: 550

Altars:


Innate Abilities, Weirdness & Mutations

You passively map a small area around you.
You are easily found by Zot.
You glow in the dark.
You regain HP and MP as you explore.


Message History

Unknown command.
You can't see any susceptible monsters within range! (Use Z to cast anyway.) Unknown command.
You can't see any susceptible monsters within range! (Use Z to cast anyway.) Unknown command.
c - a scroll labelled EZXYELUGRU Unknown command.
Magic restored.
Found 14 gold pieces.
Unknown command.
Found 12 gold pieces.
Unknown command.
d - a clear potion Unknown command.
You see here a giant cockroach corpse.
A frilled lizard, a bat and a rat come into view.
Unknown command.
The blast of sand hits the bat!
You kill the bat!
The blast of sand hits the rat!
You kill the rat!
The blast of sand hits the frilled lizard!
You kill the frilled lizard!
Unknown command.
You can't see any susceptible monsters within range! (Use Z to cast anyway.) Unknown command.
You can't see any susceptible monsters within range! (Use Z to cast anyway.) Unknown command.
You can't see any susceptible monsters within range! (Use Z to cast anyway.) Unknown command.
No target in view!
No target in view!
You can't see any susceptible monsters within range! (Use Z to cast anyway.) Unknown command.
You can't see any susceptible monsters within range! (Use Z to cast anyway.) Unknown command.
You can't see any susceptible monsters within range! (Use Z to cast anyway.) Unknown command.
You can't see any susceptible monsters within range! (Use Z to cast anyway.) Unknown command.
No target in view!
No target in view!
You can't see any susceptible monsters within range! (Use Z to cast anyway.) Unknown command.
You can't see any susceptible monsters within range! (Use Z to cast anyway.) Unknown command.
You can't see any susceptible monsters within range! (Use Z to cast anyway.) Unknown command.
You can't see any susceptible monsters within range! (Use Z to cast anyway.) Unknown command.
A ball python and a hobgoblin come into view.
The ball python hisses angrily.
The hobgoblin shouts!
You hear a bark! x2
The ball python moves out of view.
Unknown command.
But you're not safe!
Unknown command.
But you're not safe!
Unknown command.
But you're not safe!
Unknown command.
But you're not safe!
Unknown command.
The blast of sand hits the hobgoblin!
You kill the hobgoblin!
A jackal comes into view.
A kobold comes into view. It is wielding a +0 dagger.
Your Earth Magic skill increases to level 4!
You have reached level 2!
You can't see any susceptible monsters within range! (Use Z to cast anyway.) Unknown command.
You can't see any susceptible monsters within range! (Use Z to cast anyway.) Unknown command.
You can't see any susceptible monsters within range! (Use Z to cast anyway.) Unknown command.
A rat comes into view.
The kobold shouts!
A hobgoblin comes into view.
The blast of sand misses the rat.
The hobgoblin shouts!
You hear a bark!
A jackal comes into view.
The blast of sand hits the rat!
You kill the rat!
A jackal comes into view.
The ball python bites you. The ball python grabs you.
The ball python constricts you.
Unknown command.
The blast of sand hits the ball python!
You kill the ball python!
The jackal barks!
You hear a bark! x2
Unknown command.
The blast of sand hits the kobold!
You kill the kobold!
Unknown command.
You are out of magic!
Unknown command.
An endoplasm comes into view.
The endoplasm moves out of view.
You see here a +0 dagger.
You hit the jackal but do no damage.
A jackal comes into view.
The jackal bites you.
You are out of magic!
Unknown command.
You are out of magic!
Unknown command.
You are out of magic!
Unknown command.
You are out of magic!
Unknown command.
But you're not safe!
Unknown command.
But you're not safe!
Unknown command.
But you're not safe!
Unknown command.
But you're not safe!
Unknown command.
But you're not safe!
Unknown command.
Unknown command.
As you read the scroll labelled EZXYELUGRU, it crumbles to dust.
It is a scroll of identify.
Really abort (and waste the scroll)? [Y]es or [N]o only, please.
Really abort (and waste the scroll)? [Y]es or [N]o only, please.
Really abort (and waste the scroll)? [Y]es or [N]o only, please.
Really abort (and waste the scroll)?
Okay, then.
The jackal bites you.
Unknown command.
You aren't carrying any scrolls.
Unknown command.
Unknown command.
There are monsters nearby!
Unknown command.
You aren't carrying any scrolls.
Unknown command.
Unknown command.
There are monsters nearby!
Unknown command.
You aren't carrying any scrolls.
Unknown command.
Unknown command.
There are monsters nearby!
Unknown command.
Unknown command.
Unknown command.
Are you sure you want to abandon this character and quit the game? (Confirm with "yes".)

* , .......## , , , ,
......... * #......# ,
#...... ,,,. #......
,...* # ....#..#..#.†#
#.... * .#
...#...#..##†##h.....
..#..#....#.....@hg.....
.#.##.....#..#..##......
#...#.....#..#..........
,
.....#...##......#.#....
* , ......#.#.#......#
..... *
.<.#...#................
#.#...#.#†#......#......
, ,
.#...#....#......#.....
..#.#.....#†.†....#...


You could see 2 jackals and a hobgoblin.

Vanquished Creatures
  A giant cockroach (D:1)
  A hobgoblin (D:1)
  A kobold (D:1)
  A ball python (D:1)
  A bat (D:1)
  A frilled lizard (D:1)
  2 rats (D:1)
8 creatures vanquished.

Notes
Turn   | Place    | Note
-------+----------+-------------------------------------------
     0 | D:1      | sentinel the Meteoran Earth Elementalist began the quest
                  | for the Orb.
     0 | D:1      | Reached XP level 1. HP: 14/14 MP: 5/5
    37 | D:1      | Reached skill level 4 in Earth Magic
    37 | D:1      | Reached XP level 2. HP: 20/20 MP: 3/6
    45 | D:1      | Quit the game

Illustrated notes

Levels and vault maps discovered:
D:1:      matt_arrival_diagonals, layout_rooms,
          shapermc_ecumenical_altar_mp_highgroup, nicolae_figureground_pulse

Skill      XL: |  1 |
---------------+----+-----
Earth Magic    | 4 |  4.3
Dodging        | |  2.4
Stealth        | |  1.4
Spellcasting   | |  2.6
Transmutations | |  1.2

Action                   || total
-------------------------++-------
Melee: Unarmed           ||     1
 Cast: Sandblast         ||     9
  Use: Scroll            ||     1
